 Dungeon Sprint DCSS version 0.29-a0-824-gd827844252 (webtiles) character file.

Game seed: 2403682158788170259

14123 mhtbhm the Tortoise (level 11, -3/114 HPs)
             Began as a Minotaur Fighter on July 10, 2022.
             Was the Champion of Makhleb.
             Slain by a red devil
             ... wielding a +0 trident
             ... summoned by an orc high priest
              (8 damage)
             ... in the Dungeon (Sprint IX: "|||||||||||||||||||||||||||||").
             The game lasted 00:05:03 (3314 turns).

mhtbhm the Tortoise (Minotaur Fighter)              Turns: 3314, Time: 00:05:03

Health: -3/114     AC: 20    Str: 24    XL:     11   Next: 84%
Magic:  19/19      EV: 11    Int:  5    God:    Makhleb [******]
Gold:   1299       SH:  8    Dex: 17    Spells: 10/10 levels left

rFire   . . .      SeeInvis .   a - +2 mace (venom)
rCold   . . .      Faith    .   c - +0 buckler
rNeg    . . .      Spirit   .   b - +1 chain mail
rPois   .          Reflect  .   (helmet restricted)
rElec   .          Harm     .   l - +0 cloak
rCorr   .          Rampage  .   v - +0 pair of gloves
Will    .....      Rage     3%  w - +0 pair of boots
Stlth   +......... NoTele   +   (no amulet)
HPRegen 0.29/turn               m - +3 ring of dexterity
MPRegen 0.16/turn               n - +3 ring of dexterity

@: on berserk cooldown, slowed, very slow
A: horns 2, retaliatory headbutt, berserk 1
a: Renounce Religion, Minor Destruction, Lesser Servant of Makhleb, Major
Destruction, Greater Servant of Makhleb


You were in the Dungeon.
You worshipped Makhleb.
Makhleb was exalted by your worship.
You visited 1 branch You collected 1299 gold pieces.

Inventory:

Hand Weapons
 a - a +2 mace of venom (weapon)
Missiles
 u - 4 javelins (quivered)
Armour
 b - a +1 chain mail (worn)
 c - a +0 buckler (worn)
 l - a +0 cloak (worn)
 v - a +0 pair of gloves (worn)
 w - a +0 pair of boots (worn)
Jewellery
 m - a +3 ring of dexterity (left hand)
 n - a +3 ring of dexterity (right hand)
Scrolls
 g - 2 scrolls of amnesia
 j - a scroll of blinking
 r - 4 scrolls of enchant armour
 s - 2 scrolls of enchant weapon
 t - 2 scrolls of identify
Potions
 d - a potion of invisibility
 e - 5 potions of curing
 h - 4 potions of magic
 o - a potion of berserk rage
 q - a potion of might


   Skills:
 + Level 16.0 Fighting
 + Level 16.6 Maces & Flails
 + Level 16.7 Armour
 + Level 5.2 Dodging
 + Level 7.5 Stealth
 + Level 13.2 Shields
 * Level 12.5 Invocations
 + Level 3.7 Evocations


You had 10 spell levels left.
You didn't know any spells.
Your spell library was empty.

Dungeon Overview and Level Annotations

Branches:
Dungeon (1/1)

Altars:
Cheibriados
Dithmenos
Elyvilon
Fedhas
Gozag
Hepliaklqana
Kikubaaqudgha
Makhleb
Nemelex Xobeh
Okawaru
Qazlal
Ru
Sif Muna
Trog
Uskayaw
Vehumet
Wu Jian
Xom
Yredelemnul
Zin
The Shining One
Jiyva
Lugonu

Shops:
D *[


Innate Abilities, Weirdness & Mutations

You have a pair of horns on your head.
You reflexively headbutt those who attack you in melee.
You sometimes lose your temper in combat.


Message History

You hit the ynoxinul.
The ynoxinul is almost dead.
The ufetubus barely misses you. You block the ufetubus's attack.
The orc high priest hits you but does no damage.
The ynoxinul hits you but does no damage.
Unknown command.
You sock the ynoxinul!
You kill the ynoxinul!
The ynoxinul disappears in a puff of smoke!
The ufetubus disappears in a puff of smoke! x2
The orc high priest hits you from afar with a +0 halberd.
* * * LOW HITPOINT WARNING * * *
The orc high priest hits you but does no damage.
Unknown command.
You closely miss the orc high priest.
Your headbutt misses the orc high priest.
The orc high priest mumbles some strange prayers to Beogh against you.
Pain shoots through your body!
* * * LOW HITPOINT WARNING * * *
The orc high priest hits you but does no damage.
You closely miss the orc high priest. You headbutt the orc high priest!
The orc high priest is lightly wounded.
The orc high priest calls down the wrath of Beogh upon you.
Beogh smites you!
* * * LOW HITPOINT WARNING * * *
Unknown command.
You thump the orc high priest!
The orc high priest looks as sick as possible!
The orc high priest is heavily wounded.
The orc high priest hits you but does no damage.
Unknown command.
You sock the orc high priest!
The orc high priest looks as sick as possible!
You headbutt the orc high priest!
The orc high priest is almost dead.
The orc high priest invokes the aid of Beogh against you.
Beogh smites you!
* * * LOW HITPOINT WARNING * * *
The red devil hits you from afar with a +0 trident!
You die...

▓.▓.▓.▓.▓.▓
▓.▓.▓.▓.▓.▓
▓.▓.▓'▓.▓.▓
▓4▓.▓.▓.▓.▓
▓4▓.▓.▓.▓)▓
▓o▓.▓.▓.▓'▓
▓4▓.▓.▓.▓)▓
▓o▓.▓.▓.▓.▓
▓.▓@▓.▓.▓.▓
▓4o.▓...▓<▓
▓▓▓▓▓▓▓▓▓▓▓


You could see an orc high priest (extremely poisoned) and a red devil
(summoned).

Vanquished Creatures
  A hydra (D)
  Erica (D)
  A two-headed ogre (D)
  A death yak (D)
  4 orc high priests (D)
  An orb spider (shapeshifter) (D)
  3 orc knights (D)
  A deep elf pyromancer (D)
  An ugly thing (D)
  A black mamba (D)
  3 cane toads (D)
  An unseen horror (D)
  3 komodo dragons (D)
  2 polar bears (D)
  5 blink frogs (D)
  A tyrant leech (D)
  2 wyverns (D)
  3 yaks (D)
  A vampire (D)
  3 vampire mosquitoes (D)
  2 water moccasins (D)
  An acid dragon (D)
  A black bear (D)
  10 orc warriors (D)
  2 wolves (D)
  A kobold brigand (D)
  A gnoll sergeant (D)
  A howler monkey (D)
  A gnoll bouda (D)
  6 orc priests (D)
  An iguana (D)
  4 orc wizards (D)
  6 orcs (D)
  2 bats (D)
  A giant cockroach (D)
  A frilled lizard (D)
  A rat (D)
81 creatures vanquished.

Notes
Turn   | Place    | Note
-------+----------+-------------------------------------------
     0 | D        | mhtbhm the Minotaur Fighter began the quest for the Orb.
     0 | D        | Reached XP level 1. HP: 19/19 MP: 0/0
    68 | D        | Noticed a gnoll bouda
    68 | D        | Noticed an orc wizard
    68 | D        | Noticed an iguana
    68 | D        | Noticed a water moccasin
    68 | D        | Noticed a black bear
    77 | D        | Killed a black bear
    78 | D        | Reached XP level 2. HP: 29/31 MP: 1/1
    78 | D        | Reached XP level 3. HP: 35/38 MP: 2/2
    78 | D        | Reached XP level 4. HP: 42/45 MP: 3/3
    84 | D        | Killed a water moccasin
    85 | D        | Reached XP level 5. HP: 31/53 MP: 4/4
    99 | D        | Reached XP level 6. HP: 4/62 MP: 5/5
   126 | D        | Found a snail-covered altar of Cheibriados.
   126 | D        | Found a shadowy altar of Dithmenos.
   126 | D        | Found a white marble altar of Elyvilon.
   126 | D        | Found a blossoming altar of Fedhas.
   126 | D        | Found an opulent altar of Gozag.
   127 | D        | Found a hazy altar of Hepliaklqana.
   128 | D        | Found a viscous altar of Jiyva.
   129 | D        | Found an ancient bone altar of Kikubaaqudgha.
   130 | D        | Found a corrupted altar of Lugonu.
   131 | D        | Found a burning altar of Makhleb.
   132 | D        | Found a sparkling altar of Nemelex Xobeh.
   133 | D        | Found an iron altar of Okawaru.
   134 | D        | Found a stormy altar of Qazlal.
   135 | D        | Found a sacrificial altar of Ru.
   136 | D        | Found a shimmering blue altar of Sif Muna.
   137 | D        | Found a bloodstained altar of Trog.
   138 | D        | Found a hide-covered altar of Uskayaw.
   139 | D        | Became a worshipper of Makhleb the Destroyer
   140 | D        | Found a radiant altar of Vehumet.
   141 | D        | Found an ornate altar of the Wu Jian Council.
   142 | D        | Found a shimmering altar of Xom.
   143 | D        | Found a basalt altar of Yredelemnul.
   144 | D        | Found a glowing silver altar of Zin.
   145 | D        | Found a glowing golden altar of the Shining One.
   396 | D        | Noticed an acid dragon
   396 | D        | Noticed a vampire mosquito
   396 | D        | Noticed a vampire
   403 | D        | Killed a vampire
   404 | D        | Reached skill level 1 in Dodging
   410 | D        | Killed an unseen horror
   410 | D        | Reached * piety under Makhleb
   411 | D        | Reached skill level 10 in Fighting
   411 | D        | Reached skill level 10 in Armour
   411 | D        | Reached XP level 7. HP: 45/72 MP: 5/9
   412 | D        | Killed a vampire mosquito
   417 | D        | Reached skill level 5 in Invocations
   427 | D        | Reached ** piety under Makhleb
   428 | D        | Reached skill level 10 in Maces & Flails
   428 | D        | Reached XP level 8. HP: 31/80 MP: 7/11
   634 | D        | Noticed a deep elf pyromancer
   634 | D        | Noticed a cane toad
   634 | D        | Noticed a two-headed ogre
   634 | D        | Noticed a seven-headed hydra
   634 | D        | Noticed a purple ugly thing
   642 | D        | Killed a purple ugly thing
   643 | D        | Reached skill level 1 in Stealth
   643 | D        | Reached skill level 10 in Shields
   643 | D        | Reached skill level 1 in Evocations
   647 | D        | Killed a seven-headed hydra
   648 | D        | Reached XP level 9. HP: 16/89 MP: 11/13
   703 | D        | Killed a two-headed ogre
   703 | D        | Reached *** piety under Makhleb
   706 | D        | Killed a deep elf pyromancer
   715 | D        | Noticed a wind drake
   989 | D        | Noticed an orb spider
  1005 | D        | Killed an orb spider
  1218 | D        | Noticed a komodo dragon
  1218 | D        | Noticed a komodo dragon
  1218 | D        | Noticed a komodo dragon
  1218 | D        | Noticed a cane toad
  1219 | D        | Noticed a cane toad
  1222 | D        | Killed a cane toad
  1227 | D        | Noticed a polar bear
  1229 | D        | Killed a komodo dragon
  1229 | D        | Reached **** piety under Makhleb
  1230 | D        | Reached skill level 5 in Stealth
  1230 | D        | Reached XP level 10. HP: 76/100 MP: 15/15
  1251 | D        | Killed a cane toad
  1251 | D        | Reached ***** piety under Makhleb
  1475 | D        | Noticed a black mamba
  1479 | D        | Noticed a death yak
  1493 | D        | Killed a black mamba
  1494 | D        | Reached skill level 15 in Armour
  1494 | D        | Reached skill level 10 in Invocations
  1519 | D        | Killed a death yak
  1742 | D        | Noticed a cane toad
  1746 | D        | Killed a cane toad
  1746 | D        | Reached ****** piety under Makhleb
  1747 | D        | Reached skill level 15 in Maces & Flails
  1752 | D        | Reached XP level 11. HP: 110/110 MP: 18/18
  1866 | D        | Noticed Erica
  1886 | D        | Killed Erica
  2147 | D        | Noticed an orc knight
  2160 | D        | Killed an orc knight
  2169 | D        | Noticed an orc knight
  2174 | D        | Noticed an orc knight
  2501 | D        | Killed an orc knight
  2502 | D        | Reached skill level 15 in Fighting
  2502 | D        | Reached skill level 5 in Dodging
  2811 | D        | Killed an orc knight
  3169 | D        | Found Ruupadegg's Antique Armour Boutique.
  3169 | D        | Noticed an orc high priest
  3169 | D        | Noticed an orc high priest
  3170 | D        | Noticed an orc high priest
  3174 | D        | Gained mutation: You sometimes lose your temper in combat.
                  | [a neqoxec]
  3177 | D        | Killed an orc high priest
  3179 | D        | Noticed an orc high priest
  3181 | D        | Found Nak Cito's Assorted Antiques.
  3183 | D        | Noticed an orc high priest
  3192 | D        | Noticed a sun demon
  3260 | D        | Noticed a sun demon
  3266 | D        | Killed an orc high priest
  3268 | D        | Noticed a soul eater
  3272 | D        | Killed an orc high priest
  3297 | D        | HP: 5/108 [orc high priest/+0 halberd (7)]
  3301 | D        | Killed an orc high priest
  3314 | D        | HP: 5/114 [orc high priest/divine providence (14)]
  3314 | D        | Slain by a red devil

Illustrated notes

Levels and vault maps discovered:
D:        linesprint [early_d, line_temple, items_1, d_10, items_2, lair_1,
          lair_end, items_3, orc_1, orc_end, items_4, d_15, swamp_1, shoals_1,
          snake_1, spider_1, d_20, vaults_1, items_5, swamp_end, shoals_end,
          snake_end, spider_end, vaults_end, d_27, items_6, zot_1, zot_end,
          crypt_end, forest_end, elf_end, slime_end, tomb_end, abyss_end,
          pan_hell_end]

Skill      XL: |  1  2  3  4  5  6  7  8  9 10 11 |
---------------+----------------------------------+-----
Fighting       | 6 8 10 11 12 14 16 | 16.0
Armour         | 6 7 8 10 11 12 14 15 16 | 16.7
Shields        | 6 8 9 10 11 13 | 13.2
Maces & Flails | 4 6 9 10 11 13 15 16 | 16.6
Dodging        | 2 3 4 5 |  5.2
Invocations    | 4 5 7 9 10 12 | 12.5
Stealth        | 3 5 6 7 |  7.5
Evocations     | 1 2 3 |  3.7

Action                   |  1- 3 |  4- 6 |  7- 9 | 10-12 || total
-------------------------+-------+-------+-------+-------++-------
Melee: Flail             |    16 |    31 |    47 |   186 ||   280
       Headbutt          |     1 |     8 |    11 |    87 ||   107
       Mace              |       |       |       |   148 ||   148
Throw: Dart              |       |       |       |     1 ||     1
Evoke: Wand              |       |       |     6 |     4 ||    10
  Use: Potion            |     3 |     1 |     1 |     7 ||    12
       Scroll            |       |       |     1 |     1 ||     2
 Stab: Invisible         |       |       |     5 |     5 ||    10
Armor: Scale mail        |    15 |     3 |       |       ||    18
       Chain mail        |       |     4 |    21 |    92 ||   117
Dodge: Dodged            |    13 |     1 |    14 |   105 ||   133
Block: Buckler           |     4 |     5 |    10 |    73 ||    92

Table legend: (Time is in decaauts)
 A = Elapsed time spent in this place.
 B = Non-inter-level travel time spent in this place.
 C = Inter-level travel time spent in this place.
 D = Time resting spent in this place.
 E = Time spent auto-exploring this place.
 F = Levels seen in this place.
 G = Mean time per level.
                   A        B        C        D        E       F      G
               +--------+--------+--------+--------+--------+-----+--------+
         Total |   3201 |   3201 |      0 |   1273 |    862 |   1 | 3201.0 |
       Dungeon |   3201 |   3201 |      0 |   1273 |    862 |   1 | 3201.0 |
               +--------+--------+--------+--------+--------+-----+--------+

Top non-repeatable levels by time:
       D: 3201 daAuts
